 Dungeon Crawl Stone Soup version 0.30-a0-241-g1121274140 (webtiles) character file.

Game seed: 2217411727883248370

8750 pokeman the Eclecticist (level 11, -1/60 HPs)
             Began as a Deep Elf Hedge Wizard on Oct 10, 2022.
             Was a Priest of Vehumet.
             Killed from afar by an electric eel (10 damage)
             ... with a bolt of electricity
             ... on level 10 of the Dungeon.
             The game lasted 00:36:33 (12922 turns).

pokeman the Eclecticist (Deep Elf Hedge Wizard)    Turns: 12922, Time: 00:36:33

Health: -1/60      AC: 15    Str:  7    XL:     11   Next: 14%
Magic:  28/32      EV: 11    Int: 30    God:    Vehumet [***...]
Gold:   164        SH:  0    Dex: 14    Spells: 32/40 levels left

rFire   . . .      SeeInvis .    Q - +4 scimitar (flame)
rCold   . . .      Faith    .    (no shield)
rNeg    . . .      Spirit   .    M - +0 acid dragon scales
rPois   .          Reflect  .    G - +1 hat
rElec   .          Harm     .    o - +2 cloak
rCorr   +          Rampage  .    (no gloves)
Will    +....                    (no boots)
Stlth   ++........               (no amulet)
HPRegen 0.30/turn                C - +4 ring of protection
MPRegen 0.23/turn                A - +6 ring of intelligence

@: on blink cooldown
A: no striking features
a: Renounce Religion


You were on level 10 of the Dungeon.
You worshipped Vehumet.
Vehumet was most pleased with you.
You visited 2 branches of the dungeon, and saw 11 of its levels.
You also visited: Ossuary.

You collected 688 gold pieces.
You spent 524 gold pieces at shops.

Inventory:

Hand Weapons
 i - a +1 shortbow of freezing
 s - a +4 quarterstaff of chaos
 Q - a +4 scimitar of flaming (weapon)
Missiles
 R - a throwing net
Armour
 o - a +2 cloak (worn)
 G - a +1 hat (worn)
 J - a +0 buckler
 M - +0 acid dragon scales (worn)
Magical Staves
 P - a staff of earth
Jewellery
 A - a +6 ring of intelligence (right hand)
 C - a +4 ring of protection (left hand)
 L - an amulet of faith
 N - a ring of see invisible
Wands
 c - a wand of flame (26)
 I - a wand of iceblast (18)
 O - a wand of digging (5)
Scrolls
 b - a scroll of blinking
 j - 18 scrolls of teleportation
 p - 3 scrolls of immolation
 r - 4 scrolls of fog
 w - a scroll of amnesia
 y - 3 scrolls of poison
 B - 4 scrolls of magic mapping
 E - 6 scrolls of fear
 F - a scroll of vulnerability {unknown}
 H - a scroll of enchant weapon {unknown}
 K - 2 scrolls of brand weapon {unknown}
Potions
 a - a potion of ambrosia
 d - 2 potions of magic
 e - 6 potions of mutation
 h - 2 potions of heal wounds
 k - 6 potions of flight
 l - 2 potions of resistance
 n - 3 potions of lignification
 q - 4 potions of attraction
 u - 4 potions of brilliance {unknown}
 x - 7 potions of curing
 z - a potion of might {unknown}
 D - a potion of berserk rage {unknown}


   Skills:
 - Level 3.0 Fighting
 - Level 3.3 Armour
 - Level 3.2 Dodging
 - Level 3.0 Stealth
 + Level 4.2 Shields
 * Level 15.0 Spellcasting
 + Level 8.8 Conjurations
 - Level 1.1 Summonings
 - Level 5.0 Necromancy
 - Level 1.1 Translocations
 - Level 2.2 Air Magic
 + Level 3.4 Earth Magic
 - Level 1.0 Poison Magic
 - Level 2.1 Evocations


You had 32 spell levels left.
You knew the following spells:

 Your Spells              Type           Power      Damage    Failure   Level
a - Magic Dart            Conj           100%       1d8       1%          1
b - Mephitic Cloud        Conj/Pois/Air  46%        N/A       1%          3
c - Call Imp              Summ           29%        N/A       3%          2
d - Blink                 Tloc           58%        N/A       3%          2

Your spell library contained the following spells:

 Spells                   Type           Power      Damage    Failure   Level
 Scorch                   Fire           44%        2d7       1%          2
 Kiss of Death            Conj/Necr      100%       2d13      1%          1
 Cigotuvi's Dreadful Rot  Necr/Pois/Air  78%        N/A       1%          2
 Slow                     Hex            88%        N/A       3%          1
 Arcjolt                  Conj/Air       27%        1d37      3%          5
 Dispel Undead            Necr           51%        3d19      4%          4
 Vhi's Electric Charge    Tloc/Air       64%        N/A       5%          3
 Call Canine Familiar     Summ           29%        N/A       7%          3
 Portal Projectile        Hex/Tloc       50%        N/A       9%          3
 Confusing Touch          Hex            22%        N/A       11%         3
 Leda's Liquefaction      Hex/Erth       16%        N/A       19%         4
 Maxwell's Capacitive Co  Air            18%        ∞         100%        8


Dungeon Overview and Level Annotations

Branches:
Dungeon (10/15)            Temple (1/1) D:4            Lair (0/5) D:10
Ossuary (visited)
    Orc: D:9-12

Altars:
Ashenzari
Cheibriados
Dithmenos
Elyvilon
Fedhas
Gozag
Hepliaklqana
Kikubaaqudgha
Makhleb
Nemelex Xobeh
Okawaru
Qazlal
Ru
Sif Muna
Trog
Uskayaw
Vehumet
Wu Jian
Xom
Yredelemnul
Zin
The Shining One

Shops:
D:1 :*   D:2 ?   D:4 ?


Message History

Moving in this stuff is going to be slow.
The electric eel shoots out a bolt of lightning at you!
The bolt of electricity hits you!
Casting: Mephitic Cloud (safe; 1% risk of failure)
Confirm with . or Enter, or press ? or * to list all spells.
Aiming: Mephitic Cloud (safe; 1% risk of failure)
Press: ? - help, Shift-Dir - straight line, f - electric eel
Aim: an electric eel (chance to affect: 86%)
The ball explodes into a vile cloud!
The stinking cloud engulfs the electric eel but does no damage.
The electric eel is engulfed in noxious fumes.
The electric eel appears confused.
The electric eel flops around on dry land!
Unknown command.
You enter the shallow water.
Moving in this stuff is going to be slow.
The electric eel shoots out a bolt of lightning at you!
The bolt of electricity hits you!
The electric eel is engulfed in noxious fumes.
The electric eel dives back into the water!
The electric eel shoots out a bolt of lightning at you!
The bolt of electricity hits you.
The electric eel shoots out a bolt of lightning at you!
The bolt of electricity hits you!
The electric eel is engulfed in noxious fumes.
The electric eel appears confused.
The electric eel shoots out a bolt of lightning at you!
The bolt of electricity hits you!
* * * LOW HITPOINT WARNING * * *
The electric eel shoots out a bolt of lightning at you!
The bolt of electricity hits you.
* * * LOW HITPOINT WARNING * * *
The electric eel is engulfed in noxious fumes.
The electric eel appears confused.
Casting: Mephitic Cloud (safe; 1% risk of failure)
Confirm with . or Enter, or press ? or * to list all spells.
You blink.
Found a scroll of amnesia.
The electric eel shoots out a bolt of lightning at you!
The bolt of electricity hits you!
You die...

.......(.........~.....
...######....~.~...~.~..
.>.# #......~~≈~.≈~..
...# #.~~~≈~.~≈≈≈~...
...######...~≈~~≈≈≈≈~≈.~
............~~§≈°S○≈≈~≈≈
....###...~~≈~.~°°°≈≈≈≈≈
.....##....≈≈~..°.○~≈≈≈~
..#..##....†≈.~.@..≈≈≈≈≈
#.#..#...~..~~....~≈≈≈≈~
....÷......~≈~.~..~S≈≈≈≈
###..##....~≈~...~.~≈≈~.
###..##.....~≈~S...≈≈~..
#....)......≈≈≈~.~≈~~~?.
....)......~~≈≈~.~≈≈....
P.#.)###...~≈≈≈~.~≈~~...
..#))# #..~.~~.~.~


You could see 3 electric eels.

Vanquished Creatures
  A two-headed ogre (D:9)
  Erica (D:8)
  An ugly thing (D:9)
  A troll (D:10)
  A hornet (D:9)
  Grinder (D:6)
  A wraith (D:10)
  A shadow (D:9)
  Grum (D:10)
  A steam dragon (D:7)
  Eustachio (D:4)
  2 water moccasins
  An acid dragon (D:7)
  4 orc warriors
  3 sky beasts
  2 ice beasts
  5 wolves
  2 ogres
  6 centaurs
  2 lemures (D:4)
  2 kobold brigands
  2 elf zombies (Ossuary)
  2 necrophages
  A bullfrog (D:6)
  2 gnoll sergeants
  3 scorpions
  8 wights (D:8)
  2 killer bees (D:9)
  2 electric eels (D:10)
  4 howler monkeys
  A human zombie (Ossuary)
  A jelly (D:7)
  Crazy Yiuf (D:2)
  5 orc priests
  12 hounds
  2 gnoll boudas
  Natasha (thrice) (D:4)
  7 iguanas
  6 orc wizards
  A hound skeleton (D:6)
  A hound zombie (Ossuary)
  4 mummies (Ossuary)
  17 gnolls
  8 adders
  A shadow imp (D:8)
  An ufetubus (D:6)
  3 dart slugs
  3 worms (D:3)
  17 orcs
  3 endoplasms
  4 giant cockroaches
  A gnoll zombie (Ossuary)
  5 goblins
  16 hobgoblins
  2 jackals (D:4)
  A quokka (D:1)
  9 ball pythons
  2 bats
  3 frilled lizards
  A goblin zombie (Ossuary)
  2 hobgoblin zombies (Ossuary)
  2 jackal zombies (Ossuary)
  11 kobolds
  3 rats (D:1)
  A rat zombie (Ossuary)
226 creatures vanquished.

Vanquished Creatures (collateral kills)
  Pikel (D:4)
  A water moccasin (D:6)
  A killer bee (D:9)
  An orc priest (D:10)
  A hound zombie (Ossuary)
  An adder (D:6)
  2 orcs
8 creatures vanquished.

Vanquished Creatures (others)
  3 killer bees (D:9)
  An orc wizard (D:9)
  A fungus (D:10)
  6 plants
11 creatures vanquished.

Grand Total: 245 creatures vanquished

Notes
Turn   | Place    | Note
-------+----------+-------------------------------------------
     0 | D:1      | pokeman the Deep Elf Hedge Wizard began the quest for the
                  | Orb.
     0 | D:1      | Reached XP level 1. HP: 10/10 MP: 7/7
   475 | D:1      | Reached XP level 2. HP: 15/15 MP: 4/9
   692 | D:1      | Found Gyschic's Book Boutique.
  1140 | D:1      | Found Zuirymel's Assorted Antiques.
  1497 | D:1      | Reached skill level 5 in Spellcasting
  1721 | D:2      | Found a runed translucent door.
  1722 | D:2      | Noticed Crazy Yiuf
  1856 | D:2      | Reached XP level 3. HP: 20/20 MP: 9/11
  1873 | D:2      | Learned a level 3 spell: Mephitic Cloud
  1876 | D:2      | Learned a level 2 spell: Call Imp
  1879 | D:2      | Learned a level 2 spell: Blink
  2056 | D:2      | Found Helaeg's Magic Scroll Emporium.
  2255 | D:2      | Reached skill level 1 in Fighting
  2255 | D:2      | Reached skill level 1 in Armour
  2544 | D:2      | Killed Crazy Yiuf
  2545 | D:2      | Reached XP level 4. HP: 11/25 MP: 2/13
  3410 | D:3      | Reached skill level 6 in Spellcasting
  3691 | D:3      | Reached XP level 5. HP: 29/29 MP: 12/15
  3949 | D:4      | Noticed Natasha
  3958 | D:4      | Killed Natasha
  3985 | D:4      | Noticed Natasha
  3992 | D:4      | Killed Natasha
  3993 | D:4      | Reached skill level 1 in Poison Magic
  4021 | D:4      | Noticed Natasha
  4027 | D:4      | Killed Natasha
  4248 | D:4      | Noticed Pikel
  4248 | D:4      | Noticed a lemure
  4248 | D:4      | Noticed a lemure
  4248 | D:4      | Noticed a lemure
  4248 | D:4      | Noticed a lemure
  4255 | D:4      | Killed a lemure
  4270 | D:4      | Killed a lemure
  4291 | D:4      | Killed Pikel
  4292 | D:4      | Reached skill level 8 in Spellcasting
  4292 | D:4      | Reached XP level 6. HP: 18/35 MP: 1/19
  4292 | D:4      | Reached XP level 7. HP: 21/40 MP: 1/20
  4441 | D:4      | Noticed Eustachio
  4449 | D:4      | Killed Eustachio
  4587 | D:4      | Found Omouhye's Magic Scroll Boutique.
  4590 | D:4      | Bought a scroll of fog for 44 gold pieces
  4590 | D:4      | Bought a scroll of magic mapping for 82 gold pieces
  4590 | D:4      | Bought a scroll of teleportation for 33 gold pieces
  4621 | D:4      | Found a staircase to the Ecumenical Temple.
  4634 | Temple   | Entered the Ecumenical Temple
  5495 | D:5      | Entered Level 5 of the Dungeon
  5572 | D:5      | Reached skill level 9 in Spellcasting
  5664 | D:5      | Reached XP level 8. HP: 39/44 MP: 17/23
  6096 | D:5      | Reached skill level 5 in Conjurations
  6257 | D:5      | Found a white marble altar of Elyvilon.
  6494 | D:6      | Noticed Grinder
  6524 | D:6      | Paralysed by Grinder for 5 turns
  6532 | D:6      | Paralysed by Grinder for 2 turns
  6535 | D:6      | Paralysed by Grinder for 2 turns
  6635 | D:6      | Killed Grinder
  6636 | D:6      | Reached skill level 10 in Spellcasting
  6756 | D:6      | Reached skill level 1 in Evocations
  7059 | D:6      | Reached skill level 11 in Spellcasting
  7127 | D:6      | Reached XP level 9. HP: 32/49 MP: 20/26
  7269 | D:6      | Found a burning altar of Makhleb.
  7703 | D:7      | Found a hazy altar of Hepliaklqana.
  7731 | D:7      | Reached skill level 1 in Necromancy
  7876 | D:7      | Reached skill level 1 in Shields
  7876 | D:7      | Reached skill level 12 in Spellcasting
  8276 | D:7      | Found a sparkling altar of Nemelex Xobeh.
  8348 | D:7      | Found a radiant altar of Vehumet.
  8366 | D:7      | Became a worshipper of Vehumet
  8590 | D:8      | Noticed Erica
  8598 | D:8      | Killed Erica
  8599 | D:8      | Found a sand-covered staircase.
  8639 | Ossuary  | Entered an ossuary
  8773 | Ossuary  | Reached XP level 10. HP: 28/56 MP: 26/28
  8776 | Ossuary  | Reached skill level 13 in Spellcasting
  9313 | D:8      | Reached * piety under Vehumet
  9313 | D:8      | Offered knowledge of Freeze by Vehumet.
  9425 | D:8      | HP: 2/53 [wight/+4 short sword (2)]
  9881 | D:8      | Found a large runed translucent door.
  9881 | D:8      | Found a large runed translucent door.
 10077 | D:8      | Found a hide-covered altar of Uskayaw.
 10080 | D:8      | Found a glowing golden altar of the Shining One.
 10395 | D:9      | Offered knowledge of Momentum Strike by Vehumet.
 10436 | D:9      | Reached ** piety under Vehumet
 10667 | D:9      | Reached skill level 5 in Necromancy
 10678 | D:9      | Reached skill level 14 in Spellcasting
 10707 | D:9      | Found a shimmering altar of Xom.
 10903 | D:9      | Found an ancient bone altar of Kikubaaqudgha.
 10920 | D:9      | Reached skill level 1 in Earth Magic
 11038 | D:9      | Noticed a white ugly thing
 11287 | D:9      | Killed a white ugly thing
 11384 | D:9      | Noticed a two-headed ogre
 11425 | D:9      | Killed a two-headed ogre
 11491 | D:9      | Found a bloodstained altar of Trog.
 12026 | D:4      | Bought a scroll of teleportation for 33 gold pieces
 12026 | D:4      | Bought a scroll of teleportation for 33 gold pieces
 12026 | D:4      | Bought a scroll of identify for 22 gold pieces
 12026 | D:4      | Bought a scroll of identify for 22 gold pieces
 12076 | D:2      | Bought a scroll of teleportation for 30 gold pieces
 12076 | D:2      | Bought a scroll of teleportation for 30 gold pieces
 12076 | D:2      | Bought a scroll of teleportation for 30 gold pieces
 12076 | D:2      | Bought a scroll of magic mapping for 75 gold pieces
 12076 | D:2      | Bought 3 scrolls of identify for 60 gold pieces
 12076 | D:2      | Bought a scroll of teleportation for 30 gold pieces
 12265 | D:10     | Entered Level 10 of the Dungeon
 12340 | D:9      | Offered knowledge of Scorch by Vehumet.
 12341 | D:9      | Reached XP level 11. HP: 22/60 MP: 29/31
 12533 | D:10     | Noticed Grum
 12549 | D:10     | Killed Grum
 12589 | D:10     | Reached *** piety under Vehumet
 12590 | D:10     | Reached skill level 15 in Spellcasting
 12677 | D:10     | Found a blossoming altar of Fedhas.
 12794 | D:10     | Found a staircase to the Lair.
 12922 | D:10     | Killed from afar by an electric eel

Illustrated notes

Levels and vault maps discovered:
D:1:      dpeg_arrival_simpleton_a, layout_basic, serial_shops, shop, shop,
          minmay_misc_feat_ornament, chequers_hall_statues_y,
          serial_bayou_lagoon_b
D:2:      layout_loops_ring, serial_shops, shop_scrolls,
          chequers_serial_rivers_marsh, minmay_quantized,
          uniq_crazy_yiuf_cottage
D:3:      layout_loops_corners
D:4:      layout_basic, minmay_temple_entry_antechambers, serial_shops,
          nicolae_shop_window_shopping, uniq_natasha, uniq_eustachio, uniq_pikel
D:5:      layout_loops_ring, mainiacjoe_overflow_alcove_2
D:6:      layout_basic, makhleb_blood_cavern_becter, amcnicky_mini_pool_small,
          uniq_grinder
D:7:      layout_rooms, amcnicky_altar_gilded,
          mainiacjoe_overflow_surrounded_room, fiery_altar_vehumet
D:8:      layout_cave_pools, jmf_multi_god_temple2,
          lightli_ossuary_entry_decrepit_ruins, chequers_arboretum, uniq_erica
D:9:      kennysheep_housing_project, layout_irregular_city, trog_hazing_becter,
          mainiacjoe_overflow_24_doors, mainiacjoe_overflow_chevrons
D:10:     layout_loops_ring, fedhas_altar_3, erik_lair_island,
          ploomutoo_gammafunk_ghost_potion_laboratory, serial_park_tiny_pond,
          nicolae_elemental_shop, uniq_grum
Temple:   grunt_temple_mini_profane

Skill      XL: |  1  2  3  4  5  6  7  8  9 10 11 |
---------------+----------------------------------+-----
Spellcasting   | 5 6 8 9 11 12 14 15 | 15.0
Fighting       | 1 2 3 |  3.0
Armour         | 1 2 3 |  3.3
Conjurations   | 2 3 4 6 7 8 |  8.8
Stealth        | 3 |  3.0
Dodging        | 3 |  3.2
Poison Magic   | 1 |  1.0
Air Magic      | 2 |  2.2
Evocations     | 2 |  2.1
Necromancy     | 3 5 |  5.0
Shields        | 2 4 |  4.2
Earth Magic    | 2 3 |  3.4
Summonings     | |  1.1
Translocations | |  1.1

Action                   |  1- 3 |  4- 6 |  7- 9 | 10-12 || total
-------------------------+-------+-------+-------+-------++-------
Melee: Dagger            |     8 |    34 |    52 |       ||    94
       Punch             |       |     2 |     4 |     2 ||     8
       Quarterstaff      |       |       |    62 |       ||    62
       Scimitar          |       |       |    38 |   192 ||   230
 Cast: Magic Dart        |    81 |    52 |   204 |   157 ||   494
       Call Imp          |     2 |     2 |    13 |     8 ||    25
       Mephitic Cloud    |     1 |     8 |    21 |    55 ||    85
       Blink             |       |       |     9 |     7 ||    16
Evoke: Wand              |       |       |    19 |    10 ||    29
  Use: Scroll            |       |       |       |    15 ||    15
 Stab: Confused          |     1 |     7 |    10 |    16 ||    34
       Distracted        |       |       |       |     1 ||     1
Armor: Robe              |     3 |       |       |       ||     3
       Leather armour    |       |     4 |   100 |    38 ||   142
       Acid dragon scale |       |       |       |    32 ||    32
Dodge: Dodged            |    14 |     9 |   131 |   130 ||   284

Table legend: (Time is in decaauts)
 A = Elapsed time spent in this place.
 B = Non-inter-level travel time spent in this place.
 C = Inter-level travel time spent in this place.
 D = Time resting spent in this place.
 E = Time spent auto-exploring this place.
 F = Levels seen in this place.
 G = Mean time per level.
                   A        B        C        D        E       F      G
               +--------+--------+--------+--------+--------+-----+--------+
         Total |  13052 |  12166 |    886 |    573 |   9177 |  12 | 1087.7 |
       Dungeon |  12425 |  11576 |    849 |    573 |   8768 |  10 | 1242.5 |
        Temple |    227 |    190 |     37 |      0 |    186 |   1 |  227.0 |
       Ossuary |    399 |    399 |      0 |      0 |    223 |   1 |  399.0 |
               +--------+--------+--------+--------+--------+-----+--------+

Top non-repeatable levels by time:
     D:9: 2016 daAuts
     D:1: 1508 daAuts
     D:4: 1444 daAuts
     D:3: 1271 daAuts
     D:2: 1227 daAuts
     D:6: 1202 daAuts
     D:7: 1175 daAuts
     D:5: 1033 daAuts
     D:8: 1009 daAuts
    D:10: 536 daAuts
 Ossuary: 399 daAuts
  Temple: 227 daAuts
